 Dungeon Crawl Stone Soup version 0.31-a0-948-gf5be29c462 (webtiles) character file.

Game seed: 7866840475737121987

263241 Bnni the Messiah (level 20, -6/181 (189) HPs)
             Began as a Hill Orc Monk on Oct 21, 2023.
             Was the Champion of Beogh.
             Killed from afar by a necromancer (28 damage)
             ... with a bolt of negative energy
             ... while paralysed by a vampire knight
             ... on level 1 of the Depths.
             The game lasted 03:45:42 (46666 turns).

Bnni the Messiah (Hill Orc Monk)                   Turns: 46666, Time: 03:45:44

HP:   -6/181 (189)  AC: 42    Str: 20    XL:     20   Next: 1%
MP:   34/34         EV:  2    Int: 16    God:    Beogh [******]
Gold: 803           SH:  0    Dex: 17    Spells: 19/19 levels left

rFire   + + .        l - +9 broad axe (flame)
rCold   + . .        b - +2 kite shield {AC+3}
rNeg    . . .        U - +14 plate armour "Gonlaonot" {Drain rPois rF+ SInv}
rPois   +            t - +1 hat {Int+3}
rElec   +            y - +2 cloak {rCorr}
rCorr   +            Y - +0 pair of gloves
SInv    +            S - +1 pair of boots of the King of the Hill {Dex+4}
Will    +....        E - amulet of reflection Stlth
                     X - +4 ring of slaying
HPRegen 0.50/turn    R - ring of the Traitor {rElec EV+5 Str-3 Int+3}
MPRegen 0.24/turn

%: reflection
@: paralysed, resistant, lightly drained
A: walk on water
}: 2/15 runes: serpentine, barnacled
a: Renounce Religion, Smiting, Recall Orcish Followers, Give Item to Named
Follower, Resurrection


You were on level 1 of the Depths.
You worshipped Beogh.
Beogh was exalted by your worship.
You visited 8 branches of the dungeon, and saw 36 of its levels.
You also visited: Gauntlet and Wizlab.

You collected 4724 gold pieces.
You spent 3921 gold pieces at shops.

Inventory:

Hand Weapons
 l - a +9 broad axe of flaming (weapon)
Missiles
 j - 25 boomerangs (quivered)
 x - 20 javelins
 K - 4 throwing nets
 Z - 10 curare-tipped darts
Armour
 b - a +2 kite shield of protection (worn)
 k - a +1 kite shield of cold resistance
 t - a +1 hat of intelligence (worn)
 y - a +2 cloak of preservation (worn)
 S - the +1 pair of boots of the King of the Hill (worn) {Dex+4}
   (You found it in a wizard's laboratory)

   Dex+4:     It affects your dexterity (+4).
 U - the +14 plate armour "Gonlaonot" (worn) {Drain rPois rF+ SInv}
   (You bought it in a shop on level 1 of the Snake Pit)

   rF+:       It protects you from fire.
   rPois:     It protects you from poison SInv: It lets you see invisible.
   Drain:     It drains your maximum health when unequipped.
 Y - a +0 pair of gloves (worn)
Jewellery
 p - a ring of fire
 w - the ring "Rypn" {+Blink Fly rPois Will- rCorr}
   (You took it off a minotaur in a Gauntlet)

   [ring of flight]

   rPois:     It protects you from poison Will-: It decreases your willpower.
   Fly:       It grants you flight.
   +Blink:    It lets you blink.
   rCorr:     It protects you from acid and corrosion.
 E - an amulet of reflection (around neck)
 H - a ring of positive energy
 J - a ring of fire
 R - the ring of the Traitor (right hand) {rElec EV+5 Str-3 Int+3}
   (You acquired it on level 14 of the Dungeon)

   [ring of evasion]

   EV+5:      It affects your evasion (+5).
   Str-3:     It affects your strength (-3).
   Int+3:     It affects your intelligence (+3).
   rElec:     It insulates you from electricity.
 V - a ring of willpower
 W - a ring of ice
 X - a +4 ring of slaying (left hand)
Wands
 B - a wand of roots (24)
 I - a wand of acid (7)
 T - a wand of digging (17)
Scrolls
 d - a scroll of enchant weapon
 e - 10 scrolls of fog
 g - 14 scrolls of teleportation
 n - 6 scrolls of fear
 o - 2 scrolls of butterflies
 q - 2 scrolls of blinking
 v - 6 scrolls of enchant armour
 D - 2 scrolls of amnesia
 M - 2 scrolls of silence
 N - a scroll of revelation
 O - 2 scrolls of immolation
Potions
 a - 14 potions of curing
 c - 15 potions of ambrosia
 f - 3 potions of attraction
 m - 9 potions of enlightenment
 r - 2 potions of mutation
 u - 2 potions of cancellation
 z - 5 potions of heal wounds
 A - 3 potions of haste
 C - 9 potions of might
 F - a potion of resistance
 G - 4 potions of magic
 P - a potion of invisibility
 Q - 6 potions of berserk rage
Miscellaneous
 i - a box of beasts
 L - a phantom mirror


   Skills:
 + Level 18.9 Fighting
 - Level 18.0 Axes
 * Level 5.6 Throwing
 + Level 14.4 Armour
 + Level 11.1 Dodging
 * Level 16.2 Shields
 * Level 21.7 Invocations


You had 19 spell levels left.
You didn't know any spells.
Your spell library contained the following spells:

 Spells                   Type           Power      Damage    Failure   Level
 Apportation              Tloc           0%         N/A       99%         1
 Kiss of Death            Conj/Necr      0%         2d5       99%         1
 Shock                    Conj/Air       0%         1d3       99%         1
 Blink                    Tloc           0%         N/A       100%        2
 Ensorcelled Hibernation  Hex/Ice        0%         N/A       100%        2
 Jinxbite                 Hex            0%         N/A       100%        2
 Lesser Beckoning         Tloc           0%         N/A       100%        2
 Momentum Strike          Conj/Tloc      0%         3d8       100%        2
 Passwall                 Tmut/Erth      0%         N/A       100%        2
 Static Discharge         Conj/Air       0%         3-3/arc   100%        2
 Call Canine Familiar     Summ           0%         N/A       100%        3
 Confusing Touch          Hex            0%         N/A       100%        3
 Dazzling Flash           Conj/Hex       0%         N/A       100%        3
 Gell's Gravitas          Tloc           0%         N/A       100%        3
 Ozocubu's Armour         Ice            0%         N/A       100%        3
 Sigil of Binding         Hex            0%         N/A       100%        3
 Swiftness                Air            0%         N/A       100%        3
 Teleport Other           Tloc           0%         N/A       100%        3
 Airstrike                Air            0%         2d(0-16)  100%        4
 Animate Dead             Necr           0%         N/A       100%        4
 Cause Fear               Hex            0%         N/A       100%        4
 Dimensional Bullseye     Hex/Tloc       0%         N/A       100%        4
 Dispel Undead            Necr           0%         3d6       100%        4
 Leda's Liquefaction      Hex/Erth       0%         N/A       100%        4
 Manifold Assault         Tloc           0%         N/A       100%        4
 Summon Lightning Spire   Summ/Air       0%         N/A       100%        4
 Vhi's Electric Charge    Tloc/Air       0%         N/A       100%        4
 Agony                    Necr           0%         N/A       100%        5
 Alistair's Intoxication  Tmut/Pois      0%         N/A       100%        5
 Arcjolt                  Conj/Air       0%         1d10      100%        5
 Fireball                 Conj/Fire      0%         3d3       100%        5
 Lee's Rapid Deconstruct  Erth           0%         3d4*      100%        5
 Silence                  Hex/Air        0%         N/A       100%        5
 Conjure Ball Lightning   Conj/Air       0%         3x3d6     100%        6
 Dispersal                Tloc           0%         N/A       100%        6
 Plasma Beam              Fire/Air       0%         2x1d10    100%        6
 Simulacrum               Ice/Necr       0%         N/A       100%        6
 Ozocubu's Refrigeration  Ice            0%         4d7       100%        7
 Discord                  Hex            0%         N/A       100%        8
 Disjunction              Tloc           0%         N/A       100%        8
 Dragon's Call            Summ           0%         N/A       100%        9


Dungeon Overview and Level Annotations

Branches:
Dungeon (15/15)            Temple (1/1) D:4            Lair (5/5) D:9
 Shoals (4/4) Lair:2        Snake (4/4) Lair:2        Slime (0/5) Lair:5
    Orc (2/2) D:10            Elf (0/3) Orc:2        Vaults (4/5) D:14
  Crypt (0/3) Vaults:3     Depths (1/4) D:15         WizLab (visited)
Gauntlet (visited)

Altars:
Ashenzari
Cheibriados
Dithmenos
Elyvilon
Fedhas
Gozag
Hepliaklqana
Kikubaaqudgha
Makhleb
Nemelex Xobeh
Okawaru
Qazlal
Ru
Sif Muna
Trog
Uskayaw
Vehumet
Wu Jian
Xom
Yredelemnul
Zin
The Shining One
Beogh

Shops:
D:1 ?   D:4 !   D:9 ((???   D:10 :   D:11 [   D:12 :   Orc:1 =   Orc:2 !(!(
Shoals:1 =   Shoals:2 :*   Shoals:3 :   Snake:1 *   Snake:2 =*!*   Snake:4 (?[=
Vaults:2 *   Vaults:3 *   Depths:1 [

Portals:
Hell: Depths:1

Annotations:
D:4 1 runed translucent door, Edmund
D:10 1 runed translucent door
D:11 2 transporters, exclusion: ice statue, crabbyslav's ghost, journeyman DsNe


Message History

You kill the frost giant!
Beogh accepts your kill.
Ognian looks more experienced.
You closely miss the vampire knight. You slash the quicksilver dragon!
You burn the quicksilver dragon.
A freezing mist starts to gather...
A frost giant simulacrum comes into view.
The vampire knight draws life force from you!!
* * * LOW HITPOINT WARNING * * *
The vampire knight is healed by the life force!
Boldo hits the quicksilver dragon from afar with a +0 bardiche!!
The quicksilver dragon barely misses you.
You block the quicksilver dragon's attack.
You have reached level 20!
You feel stronger.
You feel much better.
The elephant trumpets!
Bladwarg no longer looks unusually strong.
You block the vampire knight's attack. x2
The quicksilver dragon bites you but does no damage.
You block the quicksilver dragon's attack.
Grimold hits the quicksilver dragon from afar with a +3 trident of protection!!
The quicksilver dragon dies!
Beogh accepts your kill.
Beogh blesses Grimold with healing.
A freezing mist starts to gather...
The vampire knight casts a spell at you.
You suddenly lose the ability to move!
A quicksilver dragon simulacrum comes into view.
Boldo no longer looks unusually strong.
Ognian no longer looks unusually strong.
The necromancer's soul is no longer bound.
The vampire knight draws life force from you!!
* * * LOW HITPOINT WARNING * * *
The vampire knight is healed by the life force!
The necromancer casts a spell at you.
The bolt of negative energy hits the frost giant simulacrum.
The frost giant simulacrum completely resists.
The bolt of negative energy hits the frost giant simulacrum.
The frost giant simulacrum completely resists.
The bolt of negative energy hits you!!
You feel drained.
You die...

#.....#################
#.....# #.....# #.....#
#.....# #....o#
###o#o### .
#.#o#Z##QZQ*


#.#o@VCCpDp. #.oo#ZC##Qp. ##oo#Z#p# ##.#Cp # #.#pZ# #.###i #.# #p #.# . #####.#
You could see a frost giant (soul bound, ally target), 2 fire giants, an ice
dragon, a stone giant (soul bound), a tengu reaver (soul bound, repels
missiles), a vampire knight (fast, invisible), 3 hell knights, a spriggan
berserker (soul bound, regenerating, strong-willed), an occultist (soul bound,
invisible), 3 necromancers, 2 tengu conjurers, a battlesphere (distracted), a
quicksilver dragon simulacrum, 2 frost giant simulacra, a hell knight
simulacrum, a deep troll shaman simulacrum, the friendly Bladwarg the orc
warlord, 2 friendly orc warlords, the friendly Gorm the orc warlord (strong),
the friendly Grimold the orc warlord (strong), the friendly Herok the orc
warlord (strong), the friendly Syrus the orc warlord (strong) and the friendly
Ognian the orc high priest.

Vanquished Creatures
  Mara (Snake:3)
  A walking divine tome (WizLab)
  A sphinx (Vaults:4)
  Agnes (Snake:4)
  A strange machine (WizLab)
  Roxanne (Snake:3)
  2 frost giants (Depths:1)
  A vault warden (Vaults:1)
  A formless jellyfish (Vaults:1)
  2 stone giants (Depths:1)
  2 ironbound preservers (Vaults:1)
  An ironbound thunderhulk (Vaults:1)
  A minotaur (Gauntlet)
  A dire elephant (Vaults:1)
  2 jiangshi (Depths:1)
  10 rakshasas (WizLab)
  2 merfolk impalers (Shoals:4)
  3 great orbs of eyes
  2 merfolk javelineers (Shoals:4)
  A hydra (D:13)
  A spriggan air mage (Depths:1)
  4 yaktaur captains
  A vault guard (Vaults:4)
  4 anacondas
  2 catoblepae (D:13)
  2 ironbound frosthearts (Vaults:1)
  A centaur warrior (Shoals:1)
  A boulder beetle (D:12)
  2 merfolk aquamancers (Shoals:4)
  3 two-headed ogres
  12 dancing weapons (WizLab)
  2 merfolk avatars
  A deep troll earth mage (Depths:1)
  2 satyrs (Shoals:4)
  4 naga warriors
  5 tengu warriors
  A deep troll shaman (Depths:1)
  A vampire mage (Depths:1)
  5 naga sharpshooters
  2 shock serpents
  Sonja (Lair:3)
  A skyshark (Lair:5)
  A skeletal warrior (D:13)
  A salamander mystic (Snake:4)
  A sea snake (Shoals:4)
  The ghost of tish the Trooper, a novice OgGl of Okawaru (D:7)
  4 glowing orange brains
  7 deep trolls
  2 ironbound convokers (Vaults:3)
  An arcanist (Vaults:1)
  6 harpies
  3 mana vipers
  2 lindwurms (Vaults:1)
  2 necromancers
  Pikel (D:4)
  3 salamanders
  An oklob plant (Gauntlet)
  8 ugly things
  5 fauns
  3 cyclopes
  4 manticores
  5 elephants
  Maurice (D:12)
  An ice statue (Lair:2)
  5 water nymphs
  2 merfolk sirens
  2 vault sentinels
  10 black mambas
  2 naga magi
  2 gargoyles
  5 cane toads
  A torpor snail (Lair:1)
  Jeremiah (D:9)
  3 komodo dragons
  An unseen horror (D:12)
  A kobold demonologist (D:12)
  2 rime drakes
  5 yaktaurs
  The ghost of BinkBink the Trooper, an amateur MiMo (D:4)
  2 merfolk
  A polar bear (Lair:5)
  A meliai (D:14)
  4 hornets
  A queen bee (Lair:2)
  3 wind drakes (Shoals:4)
  3 trolls
  3 snapping turtles
  3 dream sheep
  7 blink frogs
  9 slime creatures
  2 shadows
  5 water elementals
  17 yaks
  5 air elementals (Shoals:4)
  8 wyverns
  3 wraiths
  A vampire (D:11)
  2 basilisks
  A human (Lair:2)
  4 steam dragons
  7 vampire mosquitoes
  A warg (Orc:1)
  12 nagas
  10 water moccasins
  3 acid dragons
  2 hell hounds (D:13)
  7 ice beasts
  A black bear (D:9)
  2 ogres (D:5)
  6 orc warriors
  2 sky beasts
  10 centaurs
  13 wolves
  2 gnoll sergeants (D:10)
  A kobold brigand (D:11)
  10 bullfrogs
  A scorpion (D:5)
  3 wights (D:9)
  28 killer bees
  6 howler monkeys
  A vampire bat (Lair:1)
  An electric eel (Lair:5)
  4 quasits (D:7)
  2 jellies
  3 hounds
  A gnoll bouda (D:7)
  3 iguanas
  Natasha (thrice) (D:2)
  10 orc wizards
  3 hell rats (Lair:1)
  A boggart simulacrum (D:15)
  Robin (D:4)
  13 gnolls
  5 adders
  A shadow imp (D:7)
  4 white imps
  2 ufetubi (D:7)
  2 dart slugs
  20 orcs
  3 endoplasms
  2 giant cockroaches
  8 hobgoblins
  3 jackals (D:1)
  8 kobolds
  2 quokkas
  7 ball pythons
  7 bats
  3 frilled lizards
  10 goblins
  6 rats
552 creatures vanquished.

Vanquished Creatures (collateral kills)
  Bai Suzhen (Snake:2)
  Vashnia (Snake:3)
  Nikola (Shoals:1)
  Norris (Vaults:1)
  Jorgrun (D:15)
  Asterion (Snake:4)
  A lich (D:15)
  4 sphinxes
  A quicksilver dragon (Depths:1)
  An acid blob (Lair:5)
  Kirke (Lair:2)
  A storm dragon (Shoals:4)
  Frances (D:13)
  A nagaraja (Snake:4)
  Aizul (Snake:4)
  3 fire giants
  5 vault wardens
  Louise (Shoals:1)
  12 ironbound preservers
  2 war gargoyles
  6 stone giants
  2 very ugly things
  A formless jellyfish (Vaults:3)
  7 ironbound thunderhulks
  9 dire elephants (Vaults:3)
  Azrael (D:13)
  A dire elephant (shapeshifter) (D:15)
  An ettin (Depths:1)
  6 merfolk impalers
  A merfolk javelineer (Shoals:4)
  A jiangshi (Depths:1)
  The ghost of Heedrag the Geomancer, a journeyman GrEE of Vehumet (Lair:2)
  An entropy weaver (Vaults:4)
  2 fire dragons
  3 hydras
  Erolcha (D:13)
  4 great orbs of eyes
  7 yaktaur captains
  6 vault guards
  An ice dragon (D:15)
  A spriggan air mage (Depths:1)
  7 anacondas
  3 merfolk avatars
  A catoblepas (Lair:3)
  5 salamander tyrants (Snake:4)
  2 peacekeepers
  4 ironbound frosthearts
  5 centaur warriors
  2 merfolk aquamancers (Shoals:4)
  A two-headed ogre (D:14)
  2 alligator snapping turtles (Shoals:4)
  A deep troll shaman (Depths:1)
  A satyr (Shoals:1)
  13 naga warriors
  5 boulder beetles
  5 tengu warriors
  Urug (Orc:1)
  A hell knight (Depths:1)
  A spriggan berserker (D:15)
  12 naga sharpshooters
  3 sun demons
  4 skeletal warriors (D:13)
  2 shock serpents (Snake:3)
  An iron troll (Depths:1)
  6 skysharks
  A salamander mystic (Snake:4)
  A glowing orange brain (D:15)
  23 deep trolls
  6 sea snakes
  4 naga ritualists (Snake:2)
  2 necromancers (Vaults:3)
  A phantasmal warrior (Vaults:3)
  4 lindwurms
  5 mana vipers
  13 ironbound convokers
  3 orc knights
  A deep elf pyromancer (D:14)
  20 harpies
  5 arcanists
  4 cyclopes
  An orc sorcerer (Orc:1)
  20 salamanders
  A shadow dragon skeleton (Vaults:3)
  28 ugly things
  8 manticores
  16 fauns
  An elephant (shapeshifter) (D:15)
  20 elephants
  2 human skeletons (Vaults:3)
  14 vault sentinels
  23 black mambas
  7 naga magi
  3 merfolk sirens
  5 guardian serpents
  5 water nymphs
  10 cane toads
  14 yaktaurs
  2 rime drakes
  A freezing wraith (Lair:2)
  A kobold demonologist (D:11)
  7 komodo dragons
  4 tengu conjurers
  4 trolls
  A hornet (Lair:5)
  A queen bee (Lair:2)
  14 merfolk
  2 meliai (D:14)
  10 dream sheep
  2 polar bears (Lair:5)
  8 wind drakes
  9 blink frogs
  5 snapping turtles
  3 air elementals (Shoals:4)
  A jumping spider (shapeshifter) (D:14)
  39 slime creatures
  A shadow (D:9)
  A vampire (D:10)
  A culicivora (Vaults:4)
  A wyvern (D:10)
  A wraith (D:13)
  A human (Lair:2)
  5 water elementals
  14 yaks
  2 hogs (Lair:2)
  2 basilisks
  A fire elemental (D:13)
  2 vampire mosquitoes
  A redback (Vaults:4)
  16 nagas
  A warg (Orc:2)
  7 water moccasins
  A hell hound (D:13)
  An ice beast (Lair:2)
  9 orc warriors (Orc:2)
  6 wolves
  4 centaurs (Orc:2)
  A kobold brigand (D:9)
  A bullfrog (Lair:1)
  An entropy weaver simulacrum (Vaults:3)
  13 killer bees
  A vampire bat (Lair:1)
  4 orc priests
  6 orc wizards
  4 hell rats (Lair:1)
  A white imp (Lair:2)
  10 orcs
  3 bats (Lair:1)
  A kobold (D:9)
  2 butterflies
703 creatures vanquished.

Vanquished Creatures (others)
  An orc warlord (Depths:1)
  A harpy (Shoals:4)
  2 orc knights
  A merfolk (Shoals:4)
  18 orc warriors
  A naga (Snake:2)
  A hound (D:7)
  4 orc priests
  7 orc wizards
  24 orcs
  A spectral weapon (Vaults:1)
61 creatures vanquished.

Grand Total: 1316 creatures vanquished

Notes
Turn   | Place    | Note
-------+----------+-------------------------------------------
     0 | D:1      | Bnni the Hill Orc Monk began the quest for the Orb.
     0 | D:1      | Reached XP level 1. HP: 19/19 MP: 1/1
   166 | D:1      | Found Dallam's Magic Scroll Emporium.
   193 | D:1      | Reached XP level 2. HP: 15/27 MP: 2/2
   557 | D:1      | Reached skill level 5 in Axes
   624 | D:1      | Reached XP level 3. HP: 32/33 MP: 3/3
  1541 | D:2      | Noticed Natasha
  1547 | D:2      | Killed Natasha
  1548 | D:2      | Reached XP level 4. HP: 23/41 MP: 4/4
  1712 | D:2      | Noticed Natasha
  1724 | D:2      | Killed Natasha
  1811 | D:2      | Noticed Natasha
  1832 | D:2      | Killed Natasha
  1833 | D:2      | Reached XP level 5. HP: 37/47 MP: 5/5
  2023 | D:1      | Bought a scroll of identify for 20 gold pieces
  2023 | D:1      | Bought a scroll of fear for 40 gold pieces
  2208 | D:3      | Found a basalt altar of Yredelemnul.
  2333 | D:3      | Reached skill level 5 in Fighting
  2538 | D:3      | Found a faded altar of an unknown god.
  2816 | D:4      | Noticed Robin
  2839 | D:4      | Killed Robin
  2956 | D:4      | Noticed Pikel
  2956 | D:4      | Noticed a lemure
  2956 | D:4      | Noticed a lemure
  2966 | D:4      | Killed Pikel
  2967 | D:4      | Reached XP level 6. HP: 38/58 MP: 6/6
  2967 | D:4      | Reached XP level 7. HP: 42/64 MP: 7/7
  3058 | D:4      | Found a runed translucent door.
  3086 | D:4      | Noticed BinkBink's ghost (amateur MiMo)
  3123 | D:4      | Killed BinkBink's ghost
  3124 | D:4      | Reached skill level 10 in Axes
  3124 | D:4      | Reached XP level 8. HP: 47/73 MP: 8/8
  3127 | D:4      | Found a runed translucent door.
  3330 | D:4      | Noticed Edmund
  3331 | D:4      | Found Jenoekh's Distillery.
  3902 | D:4      | Found a staircase to the Ecumenical Temple.
  3919 | Temple   | Entered the Ecumenical Temple
  4160 | D:5      | Entered Level 5 of the Dungeon
  4792 | D:5      | Became a worshipper of Beogh the Brigand
  4792 | D:5      | Reached * piety under Beogh
  4792 | D:5      | Reached ** piety under Beogh
  4914 | D:6      | Reached skill level 1 in Invocations
  4946 | D:6      | Reached skill level 2 in Invocations
  4949 | D:6      | Reached XP level 9. HP: 44/82 MP: 8/10
  5111 | D:6      | Reached skill level 3 in Invocations
  5252 | D:6      | Found an opulent altar of Gozag.
  5607 | D:7      | Noticed a hornet
  5677 | D:7      | Paralysed by a hornet for 3 turns
  5682 | D:7      | Killed a hornet
  5683 | D:7      | Reached skill level 4 in Invocations
  6440 | D:7      | Found a transporter.
  6450 | D:7      | Found a transporter.
  6457 | D:7      | Noticed tish's ghost (novice OgGl)
  6555 | D:7      | Reached skill level 5 in Invocations
  6680 | D:7      | Found a sparkling altar of Nemelex Xobeh.
  6908 | D:7      | Killed tish's ghost
  6909 | D:7      | Reached skill level 6 in Invocations
  6909 | D:7      | Reached XP level 10. HP: 32/93 MP: 14/14
  7098 | D:7      | Reached skill level 10 in Fighting
  7379 | D:8      | Paralysed by a hornet for 2 turns
  7382 | D:8      | Paralysed by a hornet for 2 turns
  7860 | D:8      | Reached skill level 15 in Axes
  7860 | D:8      | Reached skill level 7 in Invocations
  8482 | D:9      | Reached *** piety under Beogh
  8499 | D:9      | Reached skill level 8 in Invocations
  8716 | D:9      | Found a staircase to the Lair.
  8765 | D:9      | Reached XP level 11. HP: 61/102 MP: 17/17
  8889 | D:9      | Found a white marble altar of Elyvilon.
  9154 | D:9      | Found a hide-covered altar of Uskayaw.
  9154 | D:9      | Found a sacrificial altar of Ru.
  9155 | D:9      | Found a broken altar of Ashenzari.
  9165 | D:9      | Found Gerromiubb's Weapon Emporium.
  9204 | D:9      | Reached skill level 9 in Invocations
  9206 | D:9      | Noticed Jeremiah
  9211 | D:9      | Found Topuprij's Weapon Boutique.
  9235 | D:9      | Killed Jeremiah
  9684 | D:9      | Found Qapemiw's Magic Scroll Boutique.
  9697 | D:9      | Bought a scroll of identify for 28 gold pieces
  9697 | D:9      | Bought a scroll of identify for 28 gold pieces
  9697 | D:9      | Bought a scroll of identify for 28 gold pieces
  9697 | D:9      | Bought a scroll of identify for 28 gold pieces
  9697 | D:9      | Bought a scroll of identify for 28 gold pieces
  9738 | D:9      | Found Gecyaq's Magic Scroll Shoppe.
  9781 | D:9      | Found Unti's Magic Scroll Shop.
  9783 | D:9      | Bought a scroll of fog for 68 gold pieces
  9783 | D:9      | Bought a scroll of butterflies for 68 gold pieces
  9787 | D:9      | Bought a scroll of identify for 24 gold pieces
  9787 | D:9      | Bought a scroll of identify for 24 gold pieces
  9787 | D:9      | Identified a scroll of acquirement
  9812 | D:9      | Acquired 811 gold pieces
  9864 | D:10     | Entered Level 10 of the Dungeon
  9864 | D:10     | Noticed a two-headed ogre
  9872 | D:9      | Killed a two-headed ogre
 10034 | D:9      | Reached skill level 1 in Armour
 10034 | D:9      | Reached skill level 1 in Shields
 10179 | D:10     | Noticed a two-headed ogre
 10186 | D:10     | Killed a two-headed ogre
 10203 | D:10     | Noticed a skeletal warrior
 10203 | D:10     | Noticed a two-headed ogre
 10206 | D:10     | Found a runed translucent door.
 10358 | D:10     | You fall into a shaft and drop 2 floors!
 10699 | D:11     | Reached **** piety under Beogh
 10811 | D:11     | Found a transporter.
 10813 | D:11     | Noticed a skeletal warrior
 10843 | D:11     | Reached skill level 10 in Invocations
 10892 | D:10     | Gained Bolgrim as an ally
 11240 | D:10     | Found Xuysi's Tiny Tomes.
 11257 | D:10     | Found a staircase to the Orcish Mines.
 11548 | D:11     | Noticed a soul eater
 11553 | D:11     | Found Fumopall's Antique Armour Shoppe.
 11615 | D:11     | Gained Bogrim as an ally
 11626 | D:11     | Reached XP level 12. HP: 59/113 MP: 19/19
 11905 | D:11     | Found a transporter.
 11906 | D:11     | Noticed a two-headed ogre
 11906 | D:11     | Noticed crabbyslav's ghost (journeyman DsNe)
 11935 | D:11     | Noticed an ogre mage
 12251 | D:12     | Noticed a two-headed ogre
 12260 | D:12     | Killed a two-headed ogre
 12449 | D:12     | Noticed a boulder beetle
 12454 | D:12     | Noticed Maurice
 12465 | D:12     | Killed a boulder beetle
 12472 | D:12     | Maurice stole a +4 trident of draining
 12476 | D:12     | Killed Maurice
 12784 | D:12     | Your ally Bogrim died
 13145 | D:12     | Found a stormy altar of Qazlal.
 13202 | D:12     | Found Evvaz's Book Shop.
 13479 | D:13     | Noticed a catoblepas
 13494 | D:13     | Killed a catoblepas
 13673 | D:13     | Found a gate leading to a gauntlet.
 13682 | Gauntlet | Entered a Gauntlet
 13682 | Gauntlet | Found a transporter.
 13689 | Gauntlet | Found a transporter.
 13691 | Gauntlet | Found a transporter.
 13702 | Gauntlet | Found a transporter.
 13705 | Gauntlet | Found a transporter.
 13716 | Gauntlet | Found a transporter.
 13716 | Gauntlet | Found the +5 glaive of the Guard {elec, spectral}
 13731 | Gauntlet | Found a transporter.
 13735 | Gauntlet | Found a runed translucent door.
 13743 | Gauntlet | Found a transporter.
 13756 | Gauntlet | Found a transporter.
 13771 | Gauntlet | Found a transporter.
 13780 | Gauntlet | Found a runed translucent door.
 13783 | Gauntlet | Found a transporter.
 13783 | Gauntlet | Found a transporter.
 13787 | Gauntlet | Found a runed translucent door.
 13824 | Gauntlet | Found a transporter.
 13841 | Gauntlet | Found a transporter.
 14114 | Gauntlet | Reached skill level 11 in Invocations
 14131 | Gauntlet | Identified the +0 pair of boots of the Poles {Fly Dex+3}
 14299 | Gauntlet | Identified the +2 demon trident of the Invisible Visions
                  | {flame, rElec Will+ rCorr Dex-3}
 14299 | Gauntlet | Identified the ring "Rypn" {+Blink Fly rPois Will- rCorr}
 14299 | Gauntlet | Noticed a minotaur
 14323 | Gauntlet | Killed a minotaur
 14324 | Gauntlet | Reached skill level 5 in Armour
 14333 | Gauntlet | Identified the amulet of the Queen {Faith rF- Regen+ Str+2}
 14494 | D:13     | Noticed Erolcha
 14569 | D:13     | Killed Erolcha
 14570 | D:13     | Reached skill level 5 in Shields
 14681 | D:13     | Noticed a tengu warrior
 14682 | D:13     | Noticed a tengu warrior
 14682 | D:13     | Noticed an eight-headed hydra
 14705 | D:13     | Killed a tengu warrior
 14707 | D:13     | Killed a one-headed hydra
 14707 | D:13     | Gained Boldo as an ally
 14710 | D:13     | Killed a tengu warrior
 14711 | D:13     | Reached XP level 13. HP: 35/122 MP: 14/21
 15014 | D:9      | Bought a scroll of brand weapon for 114 gold pieces
 15018 | D:9      | Bought a scroll of enchant weapon for 90 gold pieces
 15018 | D:9      | Bought a scroll of enchant weapon for 90 gold pieces
 15278 | D:1      | Bought a scroll of enchant weapon for 75 gold pieces
 15512 | D:9      | Bought a scroll of enchant armour for 105 gold pieces
 15512 | D:9      | Bought a scroll of enchant weapon for 105 gold pieces
 15668 | D:13     | Reached skill level 5 in Dodging
 15931 | D:13     | Noticed Azrael
 16221 | Lair:1   | Entered Level 1 of the Lair of Beasts
 16611 | Lair:1   | Reached ***** piety under Beogh
 17068 | Lair:2   | Found a transporter.
 17075 | Lair:2   | Reached skill level 12 in Invocations
 17137 | Lair:2   | Found a transporter.
 17138 | Lair:2   | Noticed Heedrag's ghost (journeyman GrEE)
 17145 | Lair:2   | Found a staircase to the Shoals.
 17933 | Lair:2   | Found a staircase to the Snake Pit.
 18118 | Orc:1    | Entered Level 1 of the Orcish Mines
 18215 | Orc:1    | Noticed Urug
 18220 | Orc:1    | Killed Urug
 18220 | Orc:1    | Gained Boldo as an ally
 18343 | Orc:1    | Found Noatipaw's Jewellery Boutique.
 18732 | Lair:2   | Killed Heedrag's ghost
 18986 | Lair:3   | Noticed Sonja
 18992 | Lair:3   | Killed Sonja
 19091 | Lair:3   | Reached XP level 14. HP: 121/132 MP: 23/23
 19467 | Lair:3   | Gained Ognian as an ally
 19469 | Lair:3   | Reached skill level 13 in Invocations
 19978 | Lair:4   | Reached ****** piety under Beogh
 20632 | Lair:5   | Entered Level 5 of the Lair of Beasts
 21459 | Lair:5   | Found a runed translucent door.
 21465 | Lair:5   | Noticed an acid blob
 21466 | Lair:5   | Found a staircase to the Slime Pits.
 21475 | Lair:5   | Killed an acid blob
 21566 | Lair:5   | Found the ring of the Octopus King
 21578 | Lair:5   | Identified a ring of the Octopus King {Fly HP+2 AC+2 EV+2
                  | SH+2}
 21688 | Lair:5   | Reached skill level 10 in Shields
 21887 | Lair:5   | Reached skill level 15 in Fighting
 22389 | Orc:2    | Entered Level 2 of the Orcish Mines
 22474 | Orc:2    | Found Mair's Antique Weapon Boutique.
 22474 | Orc:2    | Found Topp's Distillery.
 22475 | Orc:2    | Gained Bladwarg as an ally
 22478 | Orc:2    | Found Bownuun's Distillery.
 22481 | Orc:2    | Found Vinadd's Weapon Shoppe.
 22542 | Orc:2    | Bought a throwing net for 42 gold pieces
 22544 | Orc:2    | Bought a potion of heal wounds for 75 gold pieces
 22549 | Orc:2    | Bought 2 potions of heal wounds for 110 gold pieces
 22549 | Orc:2    | Bought a potion of curing for 33 gold pieces
 22549 | Orc:2    | Bought a potion of curing for 33 gold pieces
 22549 | Orc:2    | Bought a potion of berserk rage for 55 gold pieces
 23195 | Orc:2    | Found a staircase to the Elven Halls.
 23227 | Orc:2    | Found a roughly hewn altar of Beogh.
 23615 | D:13     | Killed Azrael
 23788 | D:13     | Reached XP level 15. HP: 137/141 MP: 22/25
 23803 | D:13     | Reached skill level 14 in Invocations
 24166 | D:14     | Noticed Frances
 24178 | D:13     | Killed Frances
 24511 | D:14     | Found a gate to the Vaults.
 24852 | D:14     | Acquired the ring of the Traitor {rElec EV+5 Str-3 Int+3}
 24935 | D:15     | Entered Level 15 of the Dungeon
 25434 | D:15     | Noticed Jorgrun
 25601 | D:15     | a stone giant changed into a frost giant
 25601 | D:15     | Noticed a frost giant (glowing shapeshifter)
 25606 | D:15     | a frost giant changed into a fire giant
 25606 | D:15     | Noticed a fire giant (glowing shapeshifter)
 25608 | D:15     | Killed Jorgrun
 25609 | D:15     | a fire giant changed into a dire elephant
 25896 | D:15     | Reached skill level 10 in Armour
 26082 | D:15     | Found a staircase to the Depths.
 26547 | Snake:1  | Entered Level 1 of the Snake Pit
 26754 | Snake:1  | Noticed Kirke
 26765 | Lair:2   | Killed Kirke
 26839 | Snake:1  | Found Cukogiolehie's General Store.
 26847 | Snake:1  | Bought the +14 plate armour "Gonlaonot" {Drain rPois rF+
                  | SInv} for 1710 gold pieces
 28422 | Snake:2  | Reached skill level 15 in Invocations
 28436 | Snake:2  | Found Opnoepp's General Store.
 28925 | Snake:2  | Found Kazem's Distillery.
 28925 | Snake:2  | Found Awotesokoa's Jewellery Shoppe.
 28951 | Snake:2  | Found Cufufappump's General Store.
 28990 | Snake:2  | Reached XP level 16. HP: 151/151 MP: 27/27
 29575 | Snake:2  | Gained Gorm as an ally
 29707 | Snake:3  | Noticed Bai Suzhen
 29711 | Snake:2  | Killed Bai Suzhen
 30245 | Snake:3  | Reached skill level 16 in Invocations
 30708 | Snake:3  | Noticed Roxanne
 30714 | Snake:3  | Killed Roxanne
 31295 | Snake:4  | Entered Level 4 of the Snake Pit
 31318 | Snake:4  | Noticed Mara
 31368 | Snake:4  | Noticed Bnni's illusion
 31373 | Snake:3  | Killed Mara
 31382 | Snake:4  | Noticed Vashnia
 31391 | Snake:3  | Killed Vashnia
 31537 | Snake:4  | Noticed Asterion
 31543 | Snake:4  | Killed Asterion
 31875 | Snake:4  | Found Urur Any's Jewellery Shop.
 31875 | Snake:4  | Found Erru's Weapon Boutique.
 31876 | Snake:4  | Found Biezoih's Magic Scroll Boutique.
 31876 | Snake:4  | Noticed Agnes
 31881 | Snake:4  | Killed Agnes
 31882 | Snake:4  | Found Miesunai's Armour Shop.
 32078 | Snake:4  | Noticed Aizul
 32091 | Snake:4  | Killed Aizul
 32668 | Snake:4  | Noticed a nagaraja
 32673 | Snake:4  | Killed a nagaraja
 32814 | Snake:4  | Reached skill level 17 in Invocations
 33064 | Snake:4  | Reached XP level 17. HP: 103/160 MP: 29/29
 33081 | Snake:4  | Got a serpentine rune of Zot
 33594 | Shoals:1 | Entered Level 1 of the Shoals
 33737 | Shoals:1 | Noticed Louise
 33746 | Shoals:1 | Killed Louise
 33900 | Shoals:1 | Found Serhadibli's Jewellery Shop.
 34014 | Shoals:1 | Gained Grimold as an ally
 34040 | Shoals:1 | Noticed Nikola
 34048 | Shoals:1 | Killed Nikola
 34251 | Shoals:1 | Reached skill level 18 in Invocations
 34550 | Shoals:2 | Found Zuotis's CLEARANCE SALE!.
 34589 | Shoals:2 | Bought a potion of might for 16 gold pieces
 34906 | Shoals:2 | Found Utoum's Book Shoppe.
 35273 | Shoals:3 | Found Ixed's Self-Improvement Boutique.
 35637 | Shoals:2 | Gained Herok as an ally
 36306 | Shoals:4 | Entered Level 4 of the Shoals
 36774 | Shoals:4 | Gained Syrus as an ally
 36817 | Shoals:4 | Paralysed by an air elemental for 1 turns
 37151 | Shoals:4 | Got a barnacled rune of Zot
 37157 | Shoals:4 | Identified the +1 glaive of Departure {heavy, Int+3}
 37316 | Shoals:4 | Paralysed by an air elemental for 1 turns
 37319 | Shoals:4 | Paralysed by an air elemental for 1 turns
 37359 | Shoals:4 | Found a blossoming altar of Fedhas.
 37411 | Shoals:4 | Found an ornate altar of the Wu Jian Council.
 37422 | Shoals:4 | Reached skill level 19 in Invocations
 37430 | Shoals:4 | Paralysed by an air elemental for 1 turns
 37453 | Shoals:4 | Paralysed by an air elemental for 1 turns
 37459 | Shoals:4 | Paralysed by an air elemental for 1 turns
 37724 | Shoals:4 | Reached skill level 10 in Dodging
 38118 | Vaults:1 | Entered Level 1 of the Vaults
 38271 | Vaults:1 | Reached XP level 18. HP: 162/171 MP: 31/31
 38959 | Snake:2  | Bought the +8 storm bow {elec, penet} for 884 gold pieces
 38959 | Snake:2  | Found the +8 storm bow {elec, penet}
 39778 | Vaults:1 | Reached skill level 20 in Invocations
 40887 | Vaults:2 | Found Fymuid's Assorted Antiques.
 40892 | Vaults:2 | Noticed Norris
 40926 | Vaults:1 | Killed Norris
 42408 | Vaults:2 | Reached skill level 1 in Throwing
 42539 | Vaults:3 | Identified the "Inefrus"
 42539 | WizLab   | Identified the "Atialuen"
 42762 | Vaults:3 | Found Riuko's General Store.
 42873 | Vaults:3 | Found a magical portal.
 42896 | WizLab   | Entered Tukima's Studio
 42916 | WizLab   | Reached skill level 15 in Shields
 42992 | WizLab   | Reached XP level 19. HP: 164/180 MP: 33/33
 43351 | WizLab   | Noticed Bnni's illusion
 43426 | WizLab   | Identified the +1 pair of boots of the King of the Hill
                  | {Dex+4}
 43443 | WizLab   | Identified the +4 ring mail "Mefotai" {Will+}
 43945 | Vaults:3 | Reached skill level 21 in Invocations
 44552 | Vaults:3 | Found a staircase to the Crypt.
 44552 | Vaults:3 | Found a basalt altar of Yredelemnul.
 44552 | Vaults:3 | Found an ancient bone altar of Kikubaaqudgha.
 45404 | Vaults:4 | Identified the +5 rapier of Focus {holy, Fragile Will+
                  | Dex+3}
 45661 | Vaults:5 | Identified the "Qoqocs"
 45661 | Crypt:1  | Identified the "Cookk"
 45661 | Depths:1 | Entered Level 1 of the Depths
 45770 | Depths:1 | Found a shadowy altar of Dithmenos.
 46123 | D:15     | Reached skill level 5 in Throwing
 46220 | Depths:1 | Found Zaosim's Armour Shoppe.
 46394 | Depths:1 | Found a gateway to Hell.
 46644 | Depths:1 | Identified the +6 glaive of Yrut Sorch {holy, rElec}
 46654 | Depths:1 | Your ally Bolgrim died
 46661 | Depths:1 | Identified the +10 halberd of Osigoc {freeze, Int+6 Stlth-}
 46665 | Depths:1 | Reached XP level 20. HP: 25/189 MP: 34/34
 46665 | Depths:1 | Paralysed by a vampire knight for 5 turns
 46666 | Depths:1 | Killed from afar by a necromancer

Illustrated notes

Levels and vault maps discovered:
D:1:      tarquinn_simple_flora_water_a, layout_basic, serial_shops, shop
D:2:      layout_loops_ring, uniq_natasha
D:3:      layout_rooms, yredelemnul_altar_generic,
          hellmonk_ecumenical_altar_inner_sanctum, minivault_14
D:4:      nicolae_cairo_tiling_large, layout_basic, minmay_temple_entry_glass,
          serial_shops, shop, ebering_ghost_sewer_f, uniq_pikel, uniq_edmund,
          uniq_robin
D:5:      layout_loops_ring
D:6:      layout_basic, nicolae_gozag_seed_capital
D:7:      layout_loops_corners, nemelex_diamond_rough_becter,
          gammafunk_ghost_stat_death, st_stairs_11
D:8:      layout_loops_ring
D:9:      layout_grid_maze, general_overflow_altar,
          gammafunk_temple_overflow_forgotten, minmay_lair_entry_grove,
          serial_shops, shop, shop, nicolae_shop_tiny_waterfront, shop,
          nicolae_shop_tiny_statue_garden, uniq_jeremiah
D:10:     layout_roguey, orc_0_dummy, minmay_st_funbox,
          nicolae_shop_i_like_small_books_too
D:11:     layout_loops_ring, nzn_ghost_randoct, serial_shops, shop
D:12:     layout_loops_ring, serial_shops, nicolae_shop_tiny_real_fake_doors,
          nicolae_qazlal_scattered_showers, uniq_maurice
D:13:     layout_layer_cave, gauntlet_entry_generic, uniq_azrael, uniq_erolcha
D:14:     layout_cave_pools, hellmonk_vaults_order_and_chaos, dk_noncrumbling_2,
          chequers_hall_statues_y, uniq_frances
D:15:     gammafunk_enter_depths_forms, layout_small_grid,
          hangedman_decor_growths, kennysheep_flooded_box, grunt_ministairs_13,
          uniq_jorgrun
Temple:   nicolae_temple_superstar
Lair:1:   layout_big_grid, roderic_batcave
Lair:2:   layout_misc_corridors, minmay_shoals_entry_beasts,
          alex1729_snake_entry_snake, gammafunk_ghost_hive, special_room
          [special_room_bee], ice2_lemuel
Lair:3:   layout_gridlike, lemuel_fruit_fields, grunt_megastairs_1,
          serial_bayou_shore_b, uniq_sonja
Lair:4:   layout_cave_pods, bh_autumn_forest_stairs
Lair:5:   gammafunk_lair_ancient_temple, layout_layer_cave, slime_entry_2,
          nicolae_quartered_pool_medium, lemuel_fruit_fields
Shoals:1: cheibrodos_shoals_oceanic_diplomacy, layout_shoals,
          nicolae_take_the_stairs, nicolae_shoals_sun_and_surf, uniq_louise,
          uniq_nikola
Shoals:2: layout_shoals, serial_shops, nicolae_shop_tiny_real_fake_doors,
          nicolae_shop_clearance
Shoals:3: layout_shoals, nicolae_shop_self_help
Shoals:4: shoals_end_hellmonk_storm_palace [storm_palace_center_square,
          storm_palace_corner_pillars, storm_palace_corner_altar,
          storm_palace_corner_reverse_hut, storm_palace_corner_altar]
Snake:1:  layout_chambers, serial_shops, nicolae_shop_peninsula, uniq_kirke
Snake:2:  layout_layer_cave, serial_shops, shop, nicolae_snake_serpentine_bazaar
Snake:3:  layout_onion_interference, uniq_roxanne, uniq_bai_suzhen
Snake:4:  grunt_snake_rune_pools, layout_chambers, minmay_shoptagon, uniq_mara,
          uniq_vashnia, uniq_agnes, uniq_aizul, uniq_asterion
Orc:1:    layout_caves, serial_shops, nicolae_shop_tiny_statue_garden, uniq_urug
Orc:2:    st_orc_rangers, layout_caves, basic_altar
Vaults:1: nicolae_vaults_double_plus_2, hangedman_vaults_trim,
          nicolae_vaults_off_center_swirl, nicolae_vaults_tetromino_Z_2,
          nicolae_vaults_windows_and_doors_thing, nicolae_vaults_diamond_1,
          nicolae_vaults_hallways_thing, nicolae_vaults_network_square,
          nicolae_vaults_apartment_2, vaults_dpeg_encased_lava, v_misc_12,
          hangedman_vaults_river_flow, dpeg_vaults_monster_box,
          vaults_mumra_lcd, vaults_room_stairs_pillars,
          nicolae_vaults_little_squares_6, layout_vaults_omnicross
Vaults:2: nicolae_vaults_alarming, hangedman_vaults_trim,
          nicolae_vaults_network_barrier, v_pattern_4, v_alt_pattern_1,
          nicolae_vaults_network_quinsquares
          [nicolae_vaults_network_quincunx_subvault,
          nicolae_vaults_network_quincunx_subvault,
          nicolae_vaults_network_quincunx_subvault,
          nicolae_vaults_network_quincunx_subvault],
          nicolae_vaults_trapezoid_layered, nicolae_vaults_diamond_2, v_misc_14,
          nicolae_vaults_variable_pillar_hall, nicolae_vaults_enemy_cabinets,
          nicolae_vaults_more_shelving_2, grunt_vaults_bifocal,
          layout_vaults_omnibox, serial_shops, shop, uniq_norris
Vaults:3: lightli_enter_wizlab_magi_temple, nicolae_vaults_trapezoid_lopsided_3,
          v_misc_16, nicolae_vaults_circle_grid_a, nicolae_vaults_meiosis,
          ontoclasm_vaults_ring_small, vaults_mumra_hexcomb,
          nicolae_vaults_apartment_1, nicolae_vaults_closet_pinwheel_3,
          vaults_room_ringed_pool, nicolae_vaults_surprise_closet,
          nicolae_vaults_turnstiles, vaults_room_fours,
          vaults_room_mumra_shop_pool, layout_vaults_ring,
          minmay_crypt_entry_necro_gods
Vaults:4: hangedman_vaults_cutoff, v_misc_17, nicolae_vaults_octothorpe,
          nicolae_vaults_apartment_2, v_alt_pattern_2, hangedman_vaults_impose,
          nicolae_vaults_mini_display_case, v_misc_10, hangedman_vaults_impose,
          nicolae_vaults_trapezoid_lopsided_4, ontoclasm_vaults_idyll,
          nicolae_vaults_variable_pillar_hall_cross,
          nicolae_vaults_trapezoid_lopsided_3, v_misc_3,
          nicolae_vaults_door_testing_chamber, layout_vaults_maze
Depths:1: minmay_the_grid_square_5x5_4x4_mashed
          [minmay_the_grid_square_5x5_intrusive_squares,
          minmay_the_grid_square_5x5_beaten_path,
          minmay_the_grid_square_5x5_percent,
          minmay_the_grid_square_5x5_one_wall,
          minmay_the_grid_square_5x5_half_checkered,
          minmay_the_grid_square_5x5_prize_gold,
          minmay_the_grid_square_5x5_prize_snowflake,
          minmay_the_grid_square_5x5_checkered_sparse,
          minmay_the_grid_square_5x5_minimal,
          minmay_the_grid_square_5x5_prize_rear_guard,
          minmay_the_grid_square_5x5_prize_open, minmay_the_grid_square_5x5_tie,
          minmay_the_grid_square_5x5_forky, minmay_the_grid_square_5x5_moneybag,
          minmay_the_grid_square_5x5_hollow_slash,
          minmay_the_grid_square_5x5_inverted_slash], layout_long_grid,
          grunt_hell_entry_dis_grunt, nrook_mini_vaults, serial_shops, shop,
          nicolae_blasting_shop, grunt_dithmenos_smoke

Skill      XL: |  1  2  3  4  5  6  7  8  9 10 11 12 13 14 15 16 17 18 19 |
---------------+----------------------------------------------------------+-----
Fighting       | 4 6 7 8 9 11 12 13 14 15 16 17 18 | 18.9
Axes           | 5 6 9 10 12 14 16 18 | 18.0
Invocations    | 2 6 8 10 11 12 13 15 17 19 20 21 | 21.7
Armour         | 3 5 7 9 10 11 12 13 14 | 14.4
Shields        | 3 5 7 10 12 13 14 15 16 | 16.2
Dodging        | 3 4 6 7 8 9 10 11 | 11.1
Throwing       | 2 5 |  5.6

Action                     |  1- 3 |  4- 6 |  7- 9 | 10-12 | 13-15 | 16-18 | 19-21 || total
---------------------------+-------+-------+-------+-------+-------+-------+-------++-------
  Melee: Hand axe          |    61 |   109 |       |       |       |       |       ||   170
         Whip              |       |       |    88 |       |       |       |       ||    88
         War axe           |       |       |   140 |   438 |       |       |       ||   578
         Broad axe         |       |       |       |       |   523 |   534 |   161 ||  1218
  Throw: Javelin           |       |       |     4 |     5 |       |     3 |     7 ||    19
         Dart              |       |       |       |    12 |       |     2 |       ||    14
         Throwing net      |       |       |       |     4 |       |     2 |     1 ||     7
         Boomerang         |       |       |       |       |       |       |     6 ||     6
 Invoke: Convert to Beogh  |       |       |     1 |       |       |       |       ||     1
         Smiting           |       |       |       |     5 |     2 |     6 |     3 ||    16
         Recall Orcish Fol |       |       |       |    10 |    78 |   135 |    53 ||   276
         Give Item to Name |       |       |       |       |     4 |     5 |       ||     9
         Stop Recall       |       |       |       |       |     4 |    12 |     1 ||    17
  Evoke: Wand              |       |       |     3 |     7 |     3 |       |     1 ||    14
    Use: Scroll            |       |     4 |       |    13 |    15 |    10 |     1 ||    43
         Potion            |       |     1 |       |     4 |     1 |     5 |     3 ||    14
   Stab: Distracted        |       |       |       |     3 |    10 |    10 |     2 ||    25
         Held in net/web   |       |       |       |     1 |       |       |       ||     1
 Armour: Leather armour    |    18 |       |       |       |       |       |       ||    18
         Robe              |     4 |       |       |       |       |       |       ||     4
         Ring mail         |    11 |       |       |       |       |       |       ||    11
         Chain mail        |     6 |    96 |   216 |   429 |   440 |       |       ||  1187
         Plate armour      |       |       |       |       |    63 |   754 |   193 ||  1010
  Dodge: Dodged            |    28 |    39 |   101 |   180 |   271 |   452 |   108 ||  1179
  Block: Orb               |       |       |       |    58 |    98 |       |       ||   156
         Reflection        |       |       |       |     3 |    43 |   110 |    23 ||   179
         Buckler           |       |       |       |     5 |       |       |       ||     5
         Kite shield       |       |       |       |       |   257 |  1230 |   298 ||  1785

Table legend: (Time is in decaauts)
 A = Elapsed time spent in this place.
 B = Non-inter-level travel time spent in this place.
 C = Inter-level travel time spent in this place.
 D = Time resting spent in this place.
 E = Time spent auto-exploring this place.
 F = Levels seen in this place.
 G = Mean time per level.
                   A        B        C        D        E       F      G
               +--------+--------+--------+--------+--------+-----+--------+
         Total |  46562 |  41706 |   4856 |   8818 |  16230 |  38 | 1225.3 |
       Dungeon |  19439 |  17083 |   2356 |   4361 |   8740 |  15 | 1295.9 |
        Temple |      1 |      1 |      0 |      0 |      0 |   1 |    1.0 |
          Lair |   6049 |   5155 |    894 |    267 |   3329 |   5 | 1209.8 |
        Shoals |   4334 |   4082 |    252 |   1053 |    179 |   4 | 1083.5 |
     Snake Pit |   7028 |   6519 |    509 |   1139 |   2075 |   4 | 1757.0 |
  Orcish Mines |   1455 |   1342 |    113 |    282 |    694 |   2 |  727.5 |
        Vaults |   6013 |   5321 |    692 |   1121 |    921 |   4 | 1503.2 |
        Depths |    840 |    802 |     38 |     82 |      0 |   1 |  840.0 |
        Wizlab |    755 |    755 |      0 |    295 |    122 |   1 |  755.0 |
      Gauntlet |    643 |    643 |      0 |    218 |    170 |   1 |  643.0 |
               +--------+--------+--------+--------+--------+-----+--------+

Top non-repeatable levels by time:
Vaults:1: 2405 daAuts
    D:13: 2192 daAuts
 Snake:4: 2055 daAuts
 Snake:3: 1889 daAuts
     D:9: 1870 daAuts
    D:12: 1734 daAuts
  Lair:2: 1706 daAuts
 Snake:1: 1601 daAuts
  Lair:5: 1515 daAuts
Vaults:2: 1509 daAuts
 Snake:2: 1481 daAuts
    D:14: 1460 daAuts
Shoals:4: 1415 daAuts
     D:1: 1391 daAuts
     D:4: 1387 daAuts
